 Dungeon Crawl Stone Soup version 0.30-a0-12-gd8047c6341 (webtiles) character file.

Game seed: 9776870978633690277

27 xian the Grasshopper (level 2, -4/24 HPs)
             Began as a Draconian Warper on Aug 24, 2022.
             Killed by divine providence
             ... invoked by an orc priest
              (12 damage)
             ... on level 2 of the Dungeon.
             The game lasted 00:03:13 (1160 turns).

xian the Grasshopper (Draconian Warper)             Turns: 1160, Time: 00:03:14

Health: -4/24      AC:  4    Str: 13    XL:     2   Next: 93%
Magic:  5/5        EV: 12    Int: 13    God:
Gold:   87         SH:  0    Dex: 10    Spells: 5/5 levels left

rFire   . . .      SeeInvis .    a - +0 hand axe
rCold   . . .      Faith    .    (no shield)
rNeg    . . .      Spirit   .    (body armour unavailable)
rPois   .          Reflect  .    (helmet restricted)
rElec   .          Harm     .    (no cloak)
rCorr   .          Rampage  .    (no gloves)
Will    .....                    (no boots)
Stlth   +.........               (no amulet)
HPRegen 0.08/turn                (no ring)
MPRegen 0.09/turn                (no ring)

@: no status effects
A: AC +4, unfitting armour, cold-blooded
a: no special abilities


You were on level 2 of the Dungeon.
You visited 1 branch of the dungeon, and saw 2 of its levels.

You collected 87 gold pieces.

Inventory:

Hand Weapons
 a - a +0 hand axe (weapon)
Missiles
 c - 7 boomerangs of dispersal (quivered)
Scrolls
 b - a scroll of blinking
 d - a scroll of magic mapping {unknown}
 f - 2 scrolls of noise {unknown}
 h - a scroll of amnesia {unknown}
 j - a scroll of brand weapon {unknown}
 l - a scroll of fear
 n - a scroll of enchant weapon {unknown}
Potions
 e - a potion of resistance
 i - a potion of haste {unknown}
 k - 2 potions of heal wounds
 m - a potion of ambrosia {unknown}
 o - a potion of attraction {unknown}


   Skills:
 + Level 2.2 Fighting
 + Level 2.2 Axes
 + Level 1.1 Throwing
 + Level 2.3 Dodging
 + Level 2.2 Spellcasting
 + Level 3.5 Translocations


You had 5 spell levels left.
You didn't know any spells.
Your spell library contained the following spells:

 Spells                   Type           Power      Damage    Failure   Level
 Blink                    Tloc           20%        N/A       9%          2
 Gell's Gravitas          Tloc           10%        N/A       19%         3
 Lesser Beckoning         Tloc           10%        N/A       19%         3
 Teleport Other           Tloc           10%        N/A       19%         3
 Dazzling Flash           Conj/Hex       2%         N/A       58%         3
 Iskenderun's Mystic Bla  Conj/Tloc      6%         2d4       77%         4
 Manifold Assault         Tloc           10%        N/A       86%         5
 Starburst                Conj/Fire      0%         6d3       100%        6


Dungeon Overview and Level Annotations

Branches:
Dungeon (2/15)

Altars:


Innate Abilities, Weirdness & Mutations

Your plain brown scales are hard. (AC +4)
You cannot fit into any form of body armour.
You are cold-blooded and may be slowed by cold attacks.


Message History

Okay, then.
You hit the orc but do no damage. The orc hits you with a +0 flail.
You slash the orc!
You kill the orc!
The orc wizard casts a spell.
The orc wizard flickers and vanishes!
Deactivating autopickup; reactivate with Ctrl-A.
You hit the orc.
The orc is moderately wounded.
The orc hits you with a +0 hand axe. The orc barely misses you.
You closely miss the orc.
The orc is moderately wounded.
The orc hits you with a +0 hand axe.
Unknown command.
You hit the orc.
You kill the orc!
You hit the orc priest.
The orc priest is moderately wounded.
The orc priest misses you.
You hit the orc priest.
The orc priest is heavily wounded.
The orc priest hits you with a +0 war axe.
You barely miss the orc priest.
The orc priest is heavily wounded.
The orc priest closely misses you.
The orc wizard gestures wildly while chanting.
The orc wizard flickers and vanishes!
The orc priest hits you with a +0 war axe.
You hit the orc priest but do no damage.
The orc priest is heavily wounded.
The orc priest hits you with a +0 war axe.
* * * LOW HITPOINT WARNING * * *
You completely miss the orc priest.
The orc priest is heavily wounded.
The orc priest casts a cantrip, but nothing happens.
Unknown command.
The orc priest mumbles some strange prayers to Beogh against you.
Beogh smites you!
Ouch! That really hurt!
You die...

.#
#................#
.#
#.#.######.#####.#
.# #########.#.# #.#
.###.......#.#.# #.#
.............#.# #.#
.###.#####.#...# #.#
.# #.# #.#.### #.#
.# #.#
#<#.########.##.####
## #.#
#....<.@.o{{........
# #.#
###.#########.######
####.# #.# ...
.....# #.# .....
###.(.. .>. ....o.o
# # ...o... .......
.......


You could see an orc priest.

Vanquished Creatures
  A dart slug (D:1)
  2 orcs (D:2)
  4 bats
  2 endoplasms (D:1)
  3 goblins
  A hobgoblin (D:1)
  4 kobolds (D:1)
  A quokka (D:1)
  A ball python (D:1)
  2 frilled lizards (D:1)
  A rat (D:1)
22 creatures vanquished.

Notes
Turn   | Place    | Note
-------+----------+-------------------------------------------
     0 | D:1      | xian the Draconian Warper began the quest for the Orb.
     0 | D:1      | Reached XP level 1. HP: 17/17 MP: 3/3
    14 | D:1      | Reached skill level 1 in Throwing
   140 | D:1      | Reached XP level 2. HP: 4/24 MP: 5/5
  1160 | D:2      | Killed from afar by an orc priest

Illustrated notes

Levels and vault maps discovered:
D:1:      lemuel_arrival_behind_the_door_small, layout_rooms, serial_glass,
          glass_columns_b, glass_columns_c, glass_columns_b
D:2:      cheibrodos_pilgrimage, layout_loops_ring

Skill      XL: |  1 |
---------------+----+-----
Throwing       | 1 |  1.1
Fighting       | |  2.2
Axes           | |  2.2
Dodging        | |  2.3
Spellcasting   | |  2.2
Translocations | |  3.5

Action                   || total
-------------------------++-------
Melee: Hand axe          ||    72
       Tailslap          ||     5
  Use: Scroll            ||     3
Armor: Skin              ||    36
Dodge: Dodged            ||    49

Table legend: (Time is in decaauts)
 A = Elapsed time spent in this place.
 B = Non-inter-level travel time spent in this place.
 C = Inter-level travel time spent in this place.
 D = Time resting spent in this place.
 E = Time spent auto-exploring this place.
 F = Levels seen in this place.
 G = Mean time per level.
                   A        B        C        D        E       F      G
               +--------+--------+--------+--------+--------+-----+--------+
         Total |   1174 |   1159 |     15 |      0 |    830 |   2 |  587.0 |
       Dungeon |   1174 |   1159 |     15 |      0 |    830 |   2 |  587.0 |
               +--------+--------+--------+--------+--------+-----+--------+

Top non-repeatable levels by time:
     D:1: 977 daAuts
     D:2: 197 daAuts
